 Dungeon Crawl Stone Soup version 0.23.2-33-g5129a83184 (webtiles) character file.

Game seed: 9950337005815716506

16020 doot the Cleaver (level 12, 0/159 HPs)
             Began as a Hill Orc Abyssal Knight on June 28, 2019.
             Was an Elder of Lugonu.
             Slain by a bone dragon (11 damage)
             ... summoned by Lugonu's corruption
             ... in an ice cave.
             The game lasted 00:40:44 (19078 turns).

doot the Cleaver (Hill Orc Abyssal Knight)         Turns: 19078, Time: 00:40:46

Health: 0/159      AC: 26    Str: 17    XL:     12   Next: 33%
Magic:  13/18      EV:  2    Int: 13    God:    Lugonu [****..]
Gold:   389        SH: 10    Dex: 17    Spells: 4/11 levels left

rFire    . . .     SeeInvis .   o - +0 war axe
rCold    . . .     Gourm    +   m - +0 shield
rNeg     + + +     Faith    .   (armour currently unavailable)
rPois    +         Spirit   .   (helmet currently unavailable)
rElec    .         Reflect  .   (cloak currently unavailable)
rCorr    .         Harm     .   (gloves currently unavailable)
MR       +....     NoTele   +   (boots currently unavailable)
Stlth    +++++.....             w - amulet of the gourmand
HPRegen  0.36/turn              r - +4 ring of evasion
MPRegen  0.16/turn              s - ring of stealth

@: agile, tree-form, slowed, studying Short Blades, very slow
A: magic resistance 1
a: Depart the Abyss, Bend Space, Banish, Corrupt, Renounce Religion


You were in an ice cave.
You worshipped Lugonu.
Lugonu was greatly pleased with you.
You were not hungry.
You were a tree.
You visited 3 branches of the dungeon, and saw 12 of its levels.
You visited the Abyss 1 time.
You also visited: Bailey and Ice Cave.

You collected 578 gold pieces.
You spent 189 gold pieces at shops.

Inventory:

Hand Weapons
 a - a +1 hand axe
 o - a +0 war axe (weapon)
Armour
 b - a +0 leather armour
 f - a scarf of resistance (melded)
 j - a +0 cloak
 m - a +0 shield (worn)
 t - a +1 pair of boots (melded)
 u - the +9 ring mail of Dishonesty {Str+10 Dex+6 Slay-2}
   (You bought it in a shop on level 7 of the Dungeon)

   It affects your strength (+10).
   It affects your dexterity (+6).
   It affects your accuracy and damage with ranged weapons and melee attacks
   (-2).
 x - a +0 troll leather armour
 B - the +0 scale mail of the Well-Known Orbs {rElec rPois}
   (You found it on level 8 of the Dungeon)

   It insulates you from electricity.
   It protects you from poison.
 K - a +3 plate armour of cold resistance (melded)
 L - a +2 plate armour of fire resistance
 N - a +0 buckler
 O - a +2 robe of positive energy
Magical Staves
 M - an uncursed staff of summoning
Jewellery
 d - an uncursed ring of positive energy
 r - a +4 ring of evasion (left branch)
 s - a ring of stealth (right branch)
 w - an amulet of the gourmand (around neck)
Wands
 p - a wand of flame (10)
 v - a wand of random effects (19)
 y - a wand of iceblast (7)
Scrolls
 g - a scroll of immolation
 h - 5 scrolls of teleportation
 i - 3 scrolls of remove curse
 q - 4 scrolls of identify
 z - 2 scrolls of fog
 E - 2 scrolls of enchant armour
 F - a scroll of enchant weapon
 P - a scroll of amnesia
Potions
 e - 2 potions of mutation
 k - a potion of cancellation
 l - 4 potions of curing
 n - 17 potions of degeneration
 C - 2 potions of magic
 D - a potion of experience
 G - a potion of might
 R - a potion of brilliance
Books
 H - a manual of Short Blades
Miscellaneous
 I - a phantom mirror
 J - a fan of gales
Comestibles
 c - 16 rations


   Skills:
 + Level 10.2 Fighting
 + Level 14.5 Axes
 + Level 0.9 Staves
 + Level 0.2 Throwing
 + Level 7.1 Armour
 + Level 5.4 Dodging
 + Level 3.7 Stealth
 + Level 6.3 Shields
 * Level 5.5 Fire Magic
 + Level 8.2 Invocations
 + Level 0.2 Evocations


You had 4 spell levels left.
You knew the following spells:

 Your Spells              Type           Power        Failure   Level  Hunger
a - Ring of Flames        Chrm/Fire      #.........   100%        7    #######

Your spell library contained the following spells:

 Spells                   Type           Power        Failure   Level  Hunger
 Conjure Flame            Conj/Fire      #.......     67%         3    ####...
 Poisonous Vapours        Pois/Air       #.....       82%         2    ###....
 Mephitic Cloud           Conj/Pois/Air  #.......     96%         3    ####...
 Fireball                 Conj/Fire      #.........   100%        5    ######.
 Venom Bolt               Conj/Pois      #.........   100%        5    ######.
 Freezing Cloud           Conj/Ice/Air   #.........   100%        6    #######
 Spellforged Servitor     Conj/Summ      #.........   100%        7    #######


Dungeon Overview and Level Annotations

Branches:
Dungeon (10/15)            Temple (1/1) D:6            Lair (1/6) D:8
    Orc: D:9-12

Altars:
Ashenzari
Cheibriados
Dithmenos
Elyvilon
Fedhas
Gozag
Hepliaklqana
Kikubaaqudgha
Makhleb
Nemelex Xobeh
Okawaru
Qazlal
Ru
Sif Muna
Trog
Uskayaw
Vehumet
Wu Jian
Xom
Yredelemnul
Zin
The Shining One

Shops:
D:5 [*=(   D:7 }[

Annotations:
Abyss:1 Joseph IceCv corrupted


Innate Abilities, Weirdness & Mutations

((You have a beak for a mouth.))
((Your flesh is cold resistant. (rC+)))
You are resistant to hostile enchantments. (MR+)


Message History

The bone dragon bites you but does no damage.
The bone dragon claws you but does no damage.
The bone dragon tramples you but does no damage.
The starcursed mass engulfs you but does no damage.
You feel agile all of a sudden.
The large abomination is no longer moving slowly.
The orange demon stings you.
* * * LOW HITPOINT WARNING * * *
You block the orange demon's attack.
You block the tentacled starspawn's attack.
The tentacled starspawn engulfs you but does no damage.
The orange demon stings you but does no damage.
The orange demon hits you but does no damage.
The tentacled starspawn bites you but does no damage.
The tentacled starspawn engulfs you but does no damage.
Okay, then.
Number of times to repeat, then command key: You must enter the number of times for the command to repeat.
You block the bone dragon's attack. The bone dragon claws you!
You die...

### ##..## ##.# #≈ ##.##
##..# ##... #.##....##
#..####.... #.
.#.....#..####...#...#..
#..##.....##..#.
##.....##..
...#.....2###..##
##...###.#
#.....x..#....#
######..#
#..3.x##XG#..5# ##..##
###..#X.X♣D#..## ##...#
##..WX34####..# ##...##
#..Xv.X## ##.####...##
##..XXxh## #..##...##
#.#XX.#.####..#..##
#..5.##55# #.....#
##.###..#3 ##...##
#.##55###≈ #####
#.5##.#5#


You could see a neutral bone dragon (wandering), 7 neutral starcursed masses, 2
neutral tentacled starspawn, a neutral blizzard demon (wandering), a neutral
spatial vortex (wandering), a neutral orange demon (wandering), a neutral large
abomination (wandering), 2 neutral ynoxinuls, 3 neutral small abominations, a
neutral shadow (wandering), a neutral golden eye, a neutral white imp
(wandering) and a neutral ufetubus (wandering).

Vanquished Creatures
  A two-headed ogre (D:8)
  2 centaur warriors (D:8)
  An unseen horror (D:9)
  A cyclops (D:9)
  2 rime drakes (Lair:1)
  A kobold demonologist (D:9)
  4 freezing wraiths (IceCv)
  A troll (D:7)
  A queen bee (D:7)
  5 hippogriffs
  3 yaks (D:9)
  A wraith (D:8)
  2 hungry ghosts
  A water moccasin (Lair:1)
  A porcupine (Lair:1)
  Duvessa (D:6)
  14 orc warriors
  6 ice beasts (IceCv)
  2 phantoms
  3 sky beasts
  2 black bears
  An eye of draining (D:9)
  7 ogres
  3 centaurs
  A bullfrog (D:6)
  A gnoll sergeant (D:4)
  Dowan (D:6)
  7 scorpions
  2 elephant simulacra (IceCv)
  14 killer bees
  A howler monkey (D:3)
  2 bullfrog zombies
  2 centaur zombies
  4 crimson imps
  2 quasits
  3 hounds
  9 orc priests
  Crazy Yiuf (D:7)
  A bullfrog skeleton (D:6)
  2 centaur skeletons
  4 jellies
  A gnoll shaman (D:7)
  4 iguanas
  10 orc wizards
  5 worker ants
  2 wolf simulacra (IceCv)
  A hound zombie (D:10)
  2 hound skeletons
  A worker ant zombie (D:9)
  36 gnolls
  17 adders
  A shadow imp (D:6)
  5 white imps (IceCv)
  An ooze (D:1)
  2 adder zombies
  6 worms
  4 dart slugs
  2 leopard geckos (D:2)
  30 orcs
  2 ball pythons
  6 giant cockroaches
  16 hobgoblins
  18 jackals
  A quokka (D:7)
  9 bats
  4 frilled lizards
  25 goblins
  5 kobolds
  A leopard gecko skeleton (D:5)
  A leopard gecko zombie (D:5)
  6 rats
  4 plants (D:8)
351 creatures vanquished.

Vanquished Creatures (others)
  An orc warlord (Bailey)
  An orc knight (Bailey)
  6 freezing wraiths (IceCv)
  3 orc warriors
  A troll simulacrum (IceCv)
  A naga simulacrum (IceCv)
  An ogre simulacrum (IceCv)
  5 white imps (IceCv)
  3 starspawn tentacles (IceCv)
22 creatures vanquished.

Grand Total: 373 creatures vanquished

Notes
Turn   | Place    | Note
-------+----------+-------------------------------------------
     0 | Abyss:1  | doot the Hill Orc Abyssal Knight began the quest for the
                  | Orb.
     0 | Abyss:1  | Reached XP level 1. HP: 19/19 MP: 2/2
    10 | D:1      | Escaped the Abyss
    75 | D:1      | Reached XP level 2. HP: 22/27 MP: 4/4
   252 | D:1      | Reached skill level 3 in Axes
   814 | D:1      | Reached XP level 3. HP: 28/33 MP: 5/5
   948 | D:2      | Reached skill level 1 in Dodging
   949 | D:2      | Reached ** piety under Lugonu
  1303 | D:2      | Reached skill level 4 in Axes
  1308 | D:2      | Reached XP level 4. HP: 31/40 MP: 6/6
  2055 | D:2      | HP: 2/41 [poisoned by an adder]
  2060 | D:2      | HP: 2/41 [poisoned by an adder]
  2066 | D:2      | HP: 1/41 [poisoned by an adder]
  2072 | D:2      | HP: 1/41 [poisoned by an adder]
  2766 | D:3      | Reached XP level 5. HP: 47/47 MP: 7/7
  3049 | D:3      | Reached skill level 5 in Axes
  3395 | D:3      | Found a snail-covered altar of Cheibriados.
  4258 | D:4      | Reached XP level 6. HP: 43/55 MP: 8/8
  4267 | D:4      | Reached *** piety under Lugonu
  4270 | D:4      | Reached skill level 5 in Fighting
  4270 | D:4      | Reached skill level 6 in Axes
  4545 | D:3      | Reached skill level 1 in Stealth
  4557 | D:4      | Reached skill level 7 in Axes
  4557 | D:4      | Reached XP level 7. HP: 52/61 MP: 9/9
  4771 | D:5      | Entered Level 5 of the Dungeon
  5143 | D:5      | Found Mieff's Armour Boutique.
  5312 | D:5      | Reached skill level 8 in Axes
  5314 | D:5      | HP: 3/61 [poisoned by an adder]
  5325 | D:5      | Reached XP level 8. HP: 22/70 MP: 6/10
  5656 | D:5      | Found a deep blue altar of Sif Muna.
  5744 | D:5      | Found Zuot's Gadget Shoppe.
  5791 | D:5      | Found Dydwiu's Jewellery Shoppe.
  5848 | D:5      | Reached skill level 9 in Axes
  6252 | D:5      | Found Mun Tug's Antique Weapon Boutique.
  6253 | D:5      | Found Wumyled's General Store.
  6937 | D:6      | Noticed Dowan
  6939 | D:6      | Noticed Duvessa
  6953 | D:6      | Killed Duvessa
  6953 | D:6      | Reached skill level 5 in Invocations
  6967 | D:6      | Killed Dowan
  7344 | D:6      | Reached skill level 10 in Axes
  7344 | D:6      | Reached XP level 9. HP: 58/78 MP: 11/13
  7468 | D:6      | Found a staircase to the Ecumenical Temple.
  7474 | Temple   | Entered the Ecumenical Temple
  8070 | D:6      | Reached **** piety under Lugonu
  8388 | D:5      | Gained mutation: You have a beak for a mouth. [potion of
                  | mutation]
  8388 | D:5      | Gained mutation: You are resistant to hostile enchantments.
                  | (MR+) [potion of mutation]
  8388 | D:5      | Gained mutation: Your flesh is cold resistant. (rC+)
                  | [potion of mutation]
 10265 | D:7      | Found Puaqyxuu's Antique Armour Boutique.
 10271 | D:7      | Bought a faintly humming ring mail for 189 gold pieces
 10281 | D:7      | Identified the +9 ring mail of Dishonesty {Str+10 Dex+6
                  | Slay-2} (You bought it in a shop on level 7 of the Dungeon)
 10357 | D:7      | Noticed Joseph
 10362 | D:7      | Banished Joseph
 10362 | D:7      | Reached skill level 1 in Shields
 10485 | D:7      | Reached skill level 11 in Axes
 10492 | D:7      | Found Kamu's Gadget Boutique.
 10515 | D:7      | Reached skill level 5 in Armour
 10544 | D:7      | Found a sacrificial altar of Ru.
 10657 | D:7      | Found a sparkling altar of Nemelex Xobeh.
 10736 | D:7      | Found a hazy altar of Hepliaklqana.
 10881 | D:7      | Found a flagged portal.
 10896 | Bailey   | Entered a bailey
 11456 | Bailey   | Reached XP level 10. HP: 57/88 MP: 15/15
 12300 | Bailey   | Reached skill level 12 in Axes
 12498 | Bailey   | Noticed an orc warlord
 12509 | Bailey   | Banished an orc warlord
 12781 | Bailey   | Noticed an orc knight
 12829 | Bailey   | Banished an orc knight
 13264 | D:7      | Found a runed translucent door.
 13265 | D:7      | Noticed Crazy Yiuf
 13273 | D:7      | Killed Crazy Yiuf
 13312 | D:8      | Found a radiant altar of Vehumet.
 13471 | D:8      | Found a burning altar of Makhleb.
 13534 | D:7      | Learned a level 7 spell: Ring of Flames
 13734 | D:8      | Reached skill level 1 in Fire Magic
 13797 | D:8      | Noticed a centaur warrior
 13800 | D:8      | Noticed a two-headed ogre
 13849 | D:8      | Killed a two-headed ogre
 13849 | D:8      | Reached skill level 13 in Axes
 13849 | D:8      | Reached XP level 11. HP: 63/97 MP: 17/17
 14866 | D:8      | Identified the Disquisition on Confrontation
 14902 | D:8      | Got a fine scale mail
 14982 | D:8      | Identified the cursed +0 scale mail of the Well-Known Orbs
                  | {rElec rPois} (You found it on level 8 of the Dungeon)
 14996 | D:8      | Noticed a centaur warrior
 15088 | D:8      | Killed a centaur warrior
 15088 | D:8      | Reached skill level 5 in Dodging
 15427 | D:8      | Killed a centaur warrior
 15753 | D:8      | Found a staircase to the Lair.
 16155 | D:9      | Reached skill level 5 in Shields
 16238 | D:9      | Found an opulent altar of Gozag.
 16238 | D:9      | Found an iron altar of Okawaru.
 16251 | D:9      | Found a blossoming altar of Fedhas.
 16253 | D:9      | Found a faded altar of an unknown god.
 16255 | D:9      | Found an ancient bone altar of Kikubaaqudgha.
 16450 | D:9      | Noticed a cyclops
 16466 | D:9      | Killed a cyclops
 16679 | D:9      | Killed an unseen horror
 17036 | D:9      | Reached skill level 14 in Axes
 17439 | D:10     | Entered Level 10 of the Dungeon
 17484 | D:10     | Noticed a red ugly thing
 17516 | D:9      | Reached XP level 12. HP: 61/106 MP: 18/18
 17859 | Lair:1   | Entered Level 1 of the Lair of Beasts
 17865 | Lair:1   | Reached ***** piety under Lugonu
 17975 | Lair:1   | Found a frozen archway.
 17984 | Lair:1   | Reached skill level 5 in Fire Magic
 17986 | Lair:1   | Reached skill level 10 in Fighting
 17990 | IceCv    | Entered an ice cave
 19042 | IceCv    | Found an ancient bone altar of Kikubaaqudgha.
 19067 | IceCv    | Corrupted IceCv
 19067 | IceCv    | Noticed a starcursed mass
 19067 | IceCv    | Noticed a tentacled starspawn
 19067 | IceCv    | Noticed a rakshasa
 19067 | IceCv    | Noticed a starcursed mass
 19067 | IceCv    | Noticed a tentacled starspawn
 19068 | IceCv    | Noticed a blizzard demon
 19068 | IceCv    | Noticed a bone dragon
 19078 | IceCv    | Noticed a thrashing horror
 19078 | IceCv    | Slain by a bone dragon

Skill      XL: |  1  2  3  4  5  6  7  8  9 10 11 12 |
---------------+-------------------------------------+-----
Fighting       | 4 5 6 7 9 10 | 10.2
Axes           | 3 4 5 7 8 10 11 13 14 | 14.5
Dodging        | 1 2 3 4 5 |  5.4
Armour         | 3 4 5 6 7 |  7.1
Stealth        | 1 2 3 |  3.7
Invocations    | 3 5 6 8 |  8.2
Shields        | 2 4 5 6 |  6.3
Fire Magic     | 2 4 5 |  5.5
Staves         | |  0.9
Throwing       | |  0.2
Evocations     | |  0.2

Action                   |  1- 3 |  4- 6 |  7- 9 | 10-12 || total
-------------------------+-------+-------+-------+-------++-------
Melee: Hand axe          |    84 |    79 |       |       ||   163
       War axe           |       |    92 |   520 |   756 ||  1368
       Peck              |       |       |    42 |   230 ||   272
       Staff             |       |       |       |    29 ||    29
Throw: Throwing net      |       |     2 |     1 |     1 ||     4
Invok: Banish            |       |       |     4 |    10 ||    14
       Corrupt           |       |       |       |     1 ||     1
Evoke: Wand              |       |       |     3 |     1 ||     4
  Use: Potion            |       |     4 |    11 |     2 ||    17
       Scroll            |       |       |     5 |     7 ||    12
 Stab: Sleeping          |       |     1 |     3 |     5 ||     9
       Held in net/web   |       |     1 |       |     1 ||     2
       Distracted        |       |       |       |     2 ||     2
  Eat: Chunk             |     1 |    11 |    29 |    27 ||    68
       Ration            |       |       |     2 |     1 ||     3
Armor: Leather armour    |    26 |    54 |    89 |       ||   169
       Skin              |       |    24 |     4 |    17 ||    45
       Ring mail         |       |       |    35 |   189 ||   224
       Plate armour      |       |       |       |   132 ||   132
Dodge: Dodged            |    63 |   103 |   223 |   295 ||   684
Block: Shield            |       |       |    59 |   405 ||   464
